 Dungeon Crawl Stone Soup version 0.18-a0-1782-gb76a692 (webtiles) character file.

2944 Ekaitz the Chopper (level 9, -8/81 HPs)
             Began as a Deep Dwarf Fighter on Apr 1, 2016.
             Was a Follower of Pakellas.
             Mangled by an orc warrior
             ... wielding a cursed +0 battleaxe
              (18 damage)
             ... on level 7 of the Dungeon on Apr 17, 2016.
             The game lasted 01:00:24 (4744 turns).

Ekaitz the Chopper (Deep Dwarf Fighter)             Turns: 4744, Time: 01:00:25

Health: -8/81      AC:  8    Str: 22    XL:     9   Next: 51%
Magic:  2/13       EV: 11    Int:  9    God:    Pakellas [*.....]
Gold:   391        SH: 10    Dex: 13    Spells: 0 memorised, 8 levels left

rFire  . . .     SeeInvis .     a - +0 war axe
rCold  + . .     Gourm    .     g - +0 ring mail {rC+}
rNeg   . . .     Faith    .     c - +0 shield
rPois  .         Spirit   .     (no helmet)
rElec  .         Dismiss  .     m - +1 cloak
rCorr  .         Reflect  .     (no gloves)
SustAt .         Harm     .     (no boots)
MR     +....                    (no amulet)
Stlth  ++........               (no ring)
                                (no ring)

@: non-regenerating, somewhat resistant to hostile enchantments, unstealthy
A: damage resistance, recharge devices, sense surroundings 2, slow regeneration
3
a: Device Recharging, Quick Charge, Renounce Religion


You were on level 7 of the Dungeon.
You worshipped Pakellas.
Pakellas was aware of your devotion.
You were not hungry.

You visited 2 branches of the dungeon, and saw 8 of its levels.

You collected 391 gold pieces.

Inventory:

Hand Weapons
 a - a +0 war axe (weapon)
 t - the +4 mace "Riwefig" {crush, rElec MR+++ Int-5, unknown}
   (You found it on level 5 of the Dungeon)

   It inflicts extra damage upon your enemies.
   It affects your intelligence (-5).
   It insulates you from electricity.
   It affects your resistance to hostile enchantments.
 B - a +0 dire flail
 D - a +0 bardiche
 F - a +2 dagger of venom
 K - a +0 flail of protection
 N - a +0 flail of venom
 Q - a +2 short sword of venom
Missiles
 h - 125 stones
 p - 22 silver bolts
 r - 44 poisoned needles
 s - 96 bolts
 x - 5 tomahawks (quivered)
 A - 37 sling bullets
Armour
 b - a +0 scale mail
 c - a +0 shield (worn)
 g - a +0 ring mail of cold resistance (worn)
 m - a +1 cloak (worn)
Magical Staves
 w - an uncursed staff of summoning
Wands
 e - a wand of heal wounds (1/9)
 H - a wand of paralysis (4/24)
 I - a wand of flame (24/48)
 L - a wand of random effects (12/48)
 P - a wand of confusion (26/48)
 S - a wand of disintegration (19/24)
Scrolls
 n - a scroll of fog {unknown}
 o - 4 scrolls of identify {unknown}
 u - 2 scrolls of immolation {unknown}
 y - a scroll of amnesia {unknown}
 C - a scroll of teleportation {unknown}
 J - a scroll of enchant weapon {unknown}
 M - a scroll of noise {unknown}
 U - a scroll of recharging {unknown}
 X - a scroll of fear {unknown}
Potions
 d - 3 potions of might
 i - a potion of ambrosia {unknown}
 j - a potion of degeneration {unknown}
 k - a potion of berserk rage {unknown}
 q - 3 potions of lignification {unknown}
 v - 2 potions of agility {unknown}
 z - a potion of haste {unknown}
 E - a potion of flight {unknown}
 G - 2 potions of brilliance {unknown}
Books
 R - a book of Conjurations

   Spells                             Type                      Level
   a - Magic Dart                     Conjuration                  1
   b - Searing Ray                    Conjuration                  2
   c - Dazzling Spray                 Conjuration/Hexes            3
   d - Fulminant Prism                Conjuration/Hexes            4
   e - Iskenderun's Mystic Blast      Conjuration                  4
   f - Iskenderun's Battlesphere      Conjuration/Charms           5
 V - a book of Minor Magic

   Spells                             Type                      Level
   a - Magic Dart                     Conjuration                  1
   b - Blink                          Translocation                2
   c - Call Imp                       Summoning                    2
   d - Repel Missiles                 Charms/Air                   2
   e - Slow                           Hexes                        2
   f - Conjure Flame                  Conjuration/Fire             3
   g - Mephitic Cloud                 Conjuration/Poison/Air       3
Comestibles
 f - 6 bread rations
 l - 2 meat rations
 O - 4 beef jerkies
 W - 7 slices of pizza


   Skills:
 + Level 5.1 Fighting
 * Level 7.7 Axes
 + Level 2.0 Throwing
 + Level 5.4 Armour
 + Level 5.0 Dodging
 + Level 5.0 Stealth
 + Level 5.5 Shields
 * Level 6.6 Evocations


You had 8 spell levels left.
You didn't know any spells.

Dungeon Overview and Level Annotations

Branches:
Dungeon (7/15)             Temple (1/1) D:4

Altars:
Ashenzari
Cheibriados
Dithmenos
Elyvilon
Fedhas
Gozag
Kikubaaqudgha
Makhleb
Nemelex Xobeh
Okawaru
Pakellas
Qazlal
Ru
Vehumet
Xom
Yredelemnul
Zin
The Shining One

Shops:
D:5 *


Innate Abilities, Weirdness & Mutations

You are resistant to damage.
You can recharge devices by infusing magical energy.
You passively map the area around you.
You do not regenerate naturally.


Message History

Pakellas accepts your kill.
You feel your power returning.
You hit the orc.
The orc is heavily wounded.
The orc hits you but does no damage.
The orc warrior hits you with a battleaxe!
* * * LOW HITPOINT WARNING * * *
The orc hits you but does no damage.
You barely miss the orc warrior.
The orc warrior is moderately wounded.
You slash the orc!
You kill the orc!
Pakellas accepts your kill.
You feel your power returning. You block the orc warrior's attack.
Unknown command.
Charge which item? (? for menu, Esc to quit)
Your wand of heal wounds (0/9) glows for a moment and now has 1 charge.
You feel somewhat more hungry.
The orc warrior hits you with a battleaxe!!
You die...
Pakellas says: Back to the drawing board!

** *#####.# , , ,
...#.# * * ###.#.# ,,
#.....# ,
##K#####.#.#.##
..KKK...K.....########
*
########K#)#.........#
#KK(o..######.#
###@##.# #.# #.##.#
#.###### #.##.#*
#....)). #.##..
#..##### #.###.
#..##### #.# .#
#....(## #.# .#
##.##.## #.. , #.##.##
######.##.##


You could see an orc warrior, a big kobold and 3 kobolds.

Vanquished Creatures
  Sigmund (D:6)
  6 yaks
  A hog (D:7)
  A human (D:7)
  A hippogriff (D:7)
  Edmund (D:6)
  Duvessa (D:6)
  2 ice beasts (D:7)
  2 centaurs (D:6)
  An ogre (D:4)
  A giant frog (D:7)
  Blork the orc (D:5)
  Dowan (D:6)
  A scorpion (D:7)
  The ghost of edgefigaro the Caller, a weakling DgSu (D:3)
  A quasit (D:7)
  2 hounds
  A centaur skeleton (D:7)
  Crazy Yiuf (D:5)
  3 orc priests
  Jessica (D:3)
  2 orc wizards (D:4)
  4 worker ants
  3 sheep (D:7)
  4 adders
  An ooze (D:6)
  An adder skeleton (D:7)
  2 worms (D:3)
  4 giant geckos
  11 orcs
  5 giant cockroaches
  8 goblins
  4 hobgoblins
  10 jackals
  4 quokkas
  7 bats
  3 giant newts
  16 kobolds
  A quokka skeleton (D:5)
  5 rats
  A fungus (D:5)
127 creatures vanquished.

Notes
Turn   | Place    | Note
--------------------------------------------------------------
     0 | D:1      | Ekaitz the Deep Dwarf Fighter began the quest for the Orb.
     0 | D:1      | Reached XP level 1. HP: 20/20 MP: 1/1
   196 | D:1      | Reached XP level 2. HP: 24/27 MP: 2/2
   667 | D:2      | Reached XP level 3. HP: 24/33 MP: 3/3
   821 | D:2      | Reached skill level 1 in Evocations
  1387 | D:2      | Reached skill level 1 in Dodging
  1519 | D:3      | Found an iron altar of Okawaru.
  1608 | D:3      | Noticed edgefigaro's ghost (weakling DgSu)
  1656 | D:3      | Found a blossoming altar of Fedhas.
  1680 | D:3      | Found a snail-covered altar of Cheibriados.
  1705 | D:3      | Found a basalt altar of Yredelemnul.
  1791 | D:3      | Noticed Jessica
  1802 | D:3      | Killed Jessica
  1802 | D:3      | Reached skill level 3 in Axes
  1802 | D:3      | Reached XP level 4. HP: 42/42 MP: 5/5
  2019 | D:3      | Killed edgefigaro's ghost
  2019 | D:3      | Reached XP level 5. HP: 27/49 MP: 6/6
  2283 | D:4      | Found a sacrificial altar of Ru.
  2399 | D:4      | Found a staircase to the Ecumenical Temple.
  2408 | Temple   | Entered the Ecumenical Temple
  2415 | Temple   | Upgraded the game from 0.18-a0-1669-g6846071 to 0.18-a0-1782-gb76a692
  2417 | Temple   | Became a worshipper of Pakellas the Inventive
  2801 | D:4      | Reached skill level 4 in Axes
  2808 | D:4      | Reached XP level 6. HP: 28/56 MP: 7/7
  2948 | D:5      | Entered Level 5 of the Dungeon
  2974 | D:5      | Found a radiant altar of Vehumet.
  2997 | D:5      | Found Zin's Purification Station.
  2998 | D:5      | Found a glowing silver altar of Zin.
  3061 | D:5      | Noticed Blork the orc
  3074 | D:5      | Killed Blork the orc
  3074 | D:5      | Reached skill level 1 in Stealth
  3129 | D:5      | Found a sparkling altar of Nemelex Xobeh.
  3308 | D:5      | Noticed Crazy Yiuf
  3315 | D:5      | Killed Crazy Yiuf
  3315 | D:5      | Reached XP level 7. HP: 49/63 MP: 9/9
  3323 | D:5      | Got a pitted mace
  3361 | D:6      | Noticed Dowan
  3362 | D:6      | Noticed Duvessa
  3379 | D:5      | Reached * piety under Pakellas
  3379 | D:5      | Received a gift from Pakellas
  3563 | D:6      | Reached skill level 5 in Axes
  3579 | D:6      | Noticed Sigmund
  3592 | D:6      | Killed Sigmund
  3818 | D:6      | Killed Dowan
  3951 | D:6      | Killed Duvessa
  3951 | D:6      | Reached XP level 8. HP: 23/72 MP: 8/11
  3994 | D:6      | Noticed Edmund
  4033 | D:6      | Killed Edmund
  4033 | D:6      | Reached skill level 6 in Axes
  4165 | D:7      | Reached skill level 1 in Throwing
  4165 | D:7      | Reached skill level 5 in Shields
  4179 | D:7      | HP: 1/72 [yak (6)]
  4186 | D:7      | Reached skill level 5 in Evocations
  4206 | D:7      | Reached skill level 5 in Armour
  4209 | D:7      | HP: 1/73 [yak (8)]
  4335 | D:7      | Gained mutation: You passively map the area around you. [Deep Dwarf growth]
  4335 | D:7      | Reached XP level 9. HP: 33/79 MP: 5/13
  4391 | D:7      | Reached skill level 7 in Axes
  4429 | D:7      | Reached skill level 5 in Fighting
  4580 | D:7      | Found an opulent altar of Gozag.
  4736 | D:7      | Reached skill level 5 in Stealth
  4740 | D:7      | Reached skill level 5 in Dodging
  4744 | D:7      | Mangled by an orc warrior

Vault maps used:
D:1:      dpeg_arrival_simpleton_a, kennysheep_nondescript
D:2:      lemuel_another_geyser
D:3:      nicolae_overflow_quartered_altars, first_bread, uniq_jessica
D:4:      lemuel_crystal_altar, temple_fountains, minmay_goblin_kobold_house
D:5:      zin_purify, grunt_temple_overflow_open,
          hangedman_abyss_or_decor_lesser_grid, hangedman_glass_teeth,
          uniq_blork_the_orc, uniq_crazy_yiuf_cottage
D:6:      uniq_duvessa, uniq_edmund, uniq_sigmund
D:7:      bloody_trog, nicolae_gozag_seed_capital, grunt_livestock
Temple:   nicolae_temple_no_exploring_needed

Skill      XL: |  1  2  3  4  5  6  7  8  9 |
---------------+----------------------------+-----
Evocations     | 2 3 4 5 6 |  6.6
Fighting       | 3 4 5 |  5.1
Dodging        | 1 2 3 4 5 |  5.0
Axes           | 3 4 5 6 7 |  7.7
Shields        | 4 5 |  5.5
Armour         | 4 5 |  5.4
Stealth        | 1 2 4 5 |  5.0
Throwing       | 2 |  2.0

Action                   |  1- 3 |  4- 6 |  7- 9 || total
-------------------------+-------+-------+-------++-------
Melee: War axe           |   151 |    65 |       ||   216
       War axe           |       |    71 |   272 ||   343
Throw: Stone             |     2 |       |       ||     2
       Tomahawk          |       |     1 |    13 ||    14
Invok: Quick Charge      |       |       |    10 ||    10
Evoke: Club              |     1 |       |       ||     1
       Wand              |       |     7 |    31 ||    38
 Stab: Paralysed         |       |     3 |    16 ||    19
       Confused          |       |       |     2 ||     2
  Eat: Chunk             |     3 |     2 |       ||     5
       Chunk             |       |     3 |     3 ||     6
       Meat ration       |       |       |     1 ||     1
Armor: Ring mail         |       |    28 |    71 ||    99
Dodge: Dodged            |       |    24 |    98 ||   122
Block: Shield            |       |    27 |   147 ||   174
